 Dungeon Crawl Stone Soup version 0.20.1-1-g8b1a95d (webtiles) character file.

121 Lanoc the Shield-Bearer (level 5, 0/42 HPs)
             Began as a Formicid Fighter on Dec 16, 2017.
             Slain by an orc priest
             ... wielding a +0 hand axe
              (3 damage)
             ... on level 3 of the Dungeon.
             The game lasted 00:06:16 (2288 turns).

Lanoc the Shield-Bearer (Formicid Fighter)          Turns: 2288, Time: 00:06:17

Health: 0/42       AC:  7    Str: 25    XL:     5   Next: 26%
Magic:  5/5        EV:  9    Int:  8    God:
Gold:   82         SH: 10    Dex: 11    Spells: 4/4 levels left

rFire    . . .     SeeInvis +   a - +0 long sword
rCold    . . .     Gourm    .   c - +0 shield
rNeg     . . .     Faith    .   b - +0 scale mail
rPois    .         Spirit   .   (helmet unavailable)
rElec    .         Reflect  .   (no cloak)
rCorr    .         Harm     .   (no gloves)
MR       .....                  (no boots)
Stlth    ..........             (no amulet)
Regen    0.2/turn               (no ring)
MPRegen  0.1/turn               (no ring)

@: mighty
A: permanent stasis, dig shafts and tunnels, four strong arms, antennae 3
a: Dig, Shaft Self


You were on level 3 of the Dungeon.
You were not hungry.

You visited 1 branch of the dungeon, and saw 3 of its levels.

You collected 82 gold pieces.

Inventory:

Hand Weapons
 a - a +0 long sword (weapon)
Missiles
 l - 15 sling bullets
Armour
 b - a +0 scale mail (worn)
 c - a +0 shield (worn)
Scrolls
 e - a scroll of random uselessness {unknown}
 g - a scroll of blinking {unknown}
 i - 5 scrolls of identify {unknown}
 n - a scroll of noise {unknown}
 o - 4 scrolls of remove curse {unknown}
 p - a scroll of immolation {unknown}
 q - 3 scrolls of recharging {unknown}
 s - a scroll of fog {unknown}
Potions
 h - a potion of heal wounds {unknown}
 j - 2 potions of lignification {unknown}
 k - 2 potions of curing {unknown}
 r - a potion of resistance {unknown}
Comestibles
 f - a bread ration
 m - 3 royal jellies
 t - 12 chunks of flesh


   Skills:
 + Level 3.7 Fighting
 + Level 2.9 Long Blades
 + Level 4.1 Armour
 + Level 1.4 Dodging
 + Level 4.6 Shields


You had 4 spell levels left.
You didn't know any spells.

Dungeon Overview and Level Annotations

Branches:
Dungeon (3/15)

Altars:
Nemelex Xobeh


Innate Abilities, Weirdness & Mutations

You cannot be hasted, slowed, berserked, paralysed or teleported.
You can dig through walls and to a lower floor.
Your four strong arms can wield two-handed weapons with a shield.
You have a pair of large antennae on your head. (SInv)


Message History

Beogh smites you!
* * * LOW HITPOINT WARNING * * *
You feel very mighty all of a sudden. The orc closely misses you.
You block the orc priest's attack.
You barely miss the orc priest.
The orc priest is severely wounded.
You block the orc's attack.
The orc priest mumbles some strange prayers to Beogh against you.
Beogh smites you!
* * * LOW HITPOINT WARNING * * *
The orc priest hits you but does no damage.
You closely miss the orc priest.
The orc priest is severely wounded.
You block the orc's attack. You block the orc priest's attack.
You slash the orc priest!
You kill the orc priest!
You have reached level 5!
The orc misses you.
The orc priest hits you with a hand axe.
You die...

### .. #.# .o
{ #g## #oo#
#####@#####
#.........#
#.........#
{#.........#
#.........###
#####........
#.#.#####
#.#..#
#####'##.#


You could see an orc priest, 2 orcs and a goblin.

Vanquished Creatures
  An orc priest (D:3)
  3 adders (D:2)
  An ooze (D:1)
  3 dart slugs
  2 leopard geckos (D:2)
  6 orcs (D:3)
  A ball python (D:2)
  4 bats
  4 giant cockroaches
  4 hobgoblins
  6 kobolds
  3 frilled lizards
  3 goblins
  3 rats (D:2)
44 creatures vanquished.

Notes
Turn   | Place    | Note
-------+----------+-------------------------------------------
     0 | D:1      | Lanoc the Formicid Fighter began the quest for the Orb.
     0 | D:1      | Reached XP level 1. HP: 18/18 MP: 1/1
   169 | D:1      | Reached XP level 2. HP: 20/24 MP: 2/2
   854 | D:1      | Reached XP level 3. HP: 22/29 MP: 3/3
  1001 | D:2      | Found a sparkling altar of Nemelex Xobeh.
  1318 | D:2      | Reached skill level 1 in Dodging
  1485 | D:2      | Reached XP level 4. HP: 35/35 MP: 4/4
  2288 | D:3      | Reached XP level 5. HP: 3/42 MP: 5/5
  2288 | D:3      | Slain by an orc priest

Skill      XL: |  1  2  3  4 |
---------------+-------------+-----
Shields        | 4 |  4.6
Dodging        | 1 |  1.4
Armour         | 4 |  4.1
Fighting       | |  3.7
Long Blades    | |  2.9

Action                   |  1- 3 |  4- 6 || total
-------------------------+-------+-------++-------
Melee: Long sword        |    97 |   150 ||   247
 Abil: Dig               |       |     5 ||     5
  Use: Potion            |       |     1 ||     1
  Eat: Chunk             |     2 |     4 ||     6
Armor: Scale mail        |    37 |    38 ||    75
Dodge: Dodged            |    36 |    27 ||    63
Block: Shield            |    51 |    53 ||   104
       Rpst.: Long sword |    12 |     8 ||    20
